[Event "Early-Titled-Tuesday-Blitz-September-26-2023"]
[Site "Chess.com"]
[Date "2023.09.26"]
[Round "3"]
[White "almaguerjm"]
[Black "JiaHaoxiang"]
[Result "1-0"]
[WhiteElo "2480"]
[BlackElo "2633"]
[TimeControl "180+1"]
[EndTime "8:28:27 PDT"]
[Termination "almaguerjm won by resignation"]

1. e4 c5 2. Nf3 d6 3. d4 cxd4 4. Nxd4 Nf6 5. Nc3 g6 6. Be3 Bg7 7. Be2 O-O 8. f3 Nc6 9. Qd2 d5 10.
Nxc6 bxc6 11. e5 Ne8 12. f4 Nc7 13. O-O Ne6 14. Bf2 f6 15. Bg3 Qb6+ 16. Kh1 Qxb2 17. Bf3 Rd8 18. a4 Qb4 19. Rab1 Qa5 20. Rfd1 Qc7 21.
exf6 Bxf6 22. f5 Qa5 23. fxe6 Qxc3 24. Qe2 a5 25. Rb3 Ba6 26. Qf2 Qc4 27. Re1 Qxa4 28. h4 Qd4 29. Rbe3 Rf8 30. h5 g5 31. c3 Qc5 32. Qd2 a4 33. h6 a3 34. Bh5 Bc4 35. Bf7+ Rxf7 36. exf7+ Kxf7 37. Qf2 Kg8 38. Qf5 a2 39.
Qe6+ Kh8 40. Be5 Rf8 41. Bxf6+ exf6 42. Qd7 1-0

[Event "Early-Titled-Tuesday-Blitz-September-26-2023"]
[Site "Chess.com"]
[Date "2023.09.26"]
[Round "3"]
[White "sergeikim"]
[Black "ARMQUEEN"]
[Result "0-1"]
[WhiteElo "2609"]
[BlackElo "2436"]
[TimeControl "180+1"]
[EndTime "8:28:27 PDT"]
[Termination "ARMQUEEN won by checkmate"]

1. d4 Nf6 2. c4 c5 3. d5 e6 4. Nc3 exd5 5. cxd5 d6 6. e4 g6 7. Nge2 Bg7 8. Ng3 h5 9. Be2 Nbd7 10.
O-O h4 11. Nh1 a6 12. a4 Qe7 13. Bg5 Nf8 14. f3 h3 15. g4 N8h7 16. Be3 Bd7 17. Ng3 Nf8 18. Qd2 Ng8 19. Rae1 Be5 20. f4 Bg7 21. e5 dxe5 22. d6 Qh4 23. f5 Nf6 24.
Bg5 Qh7 25. Bc4 O-O-O 26. Bxf7 gxf5 27. gxf5 Bh6 28. Bc4 Ng4 29. Nd5 Kb8 30. Ne7 Qg7 31. Bxh6 Rxh6 32. Bd5 Bxa4 33. Qe2 Rhxd6 34. Qf3 Qxe7 35. f6 Rxf6 36. Qxg4 Rxd5 37. Rxf6 Qxf6 38. Rf1 Qd8 39. Qxa4 Ne6 40. Qe4 Nf4 41. Qf3 Rd2 42. Qe3 Qd5 43. Rf2 Rd1+ 44. Nf1 Rxf1+ 45. Kxf1 Qh1# 0-1

[Event "Early-Titled-Tuesday-Blitz-September-26-2023"]
[Site "Chess.com"]
[Date "2023.09.26"]
[Round "3"]
[White "Sanan_Sjugirov"]
[Black "CSB7"]
[Result "1/2-1/2"]
[WhiteElo "2985"]
[BlackElo "2713"]
[TimeControl "180+1"]
[EndTime "8:28:29 PDT"]
[Termination "Game drawn by repetition"]

1. e4 c5 2. Nf3 d6 3. d4 cxd4 4. Nxd4 Nf6 5. Nc3 a6 6. Be3 e5 7.
Nf3 h6 8. Bc4 Be6 9. Bb3 Be7 10.
O-O O-O 11. Nh4 Qd7 12. h3 Nc6 13. Qf3 Na5 14. Rfd1 Nxb3 15. axb3 Rac8 16. Nf5 Bxf5 17. exf5 Qc6 18. Qxc6 Rxc6 19. g4 d5 20. Nxd5 Nxd5 21.
Rxd5 Rxc2 22. Rd7 Bg5 23. Bxg5 hxg5 24. Re1 Rxb2 25. Rxb7 Rd8 26. Rc1 a5 27. Rb5 Ra2 28. Rxe5 Rb2 29. Rxa5 Rxb3 30. Kg2 f6 31. Ra7 Kh8 32.
Rcc7 Rg8 33. Rc4 Rd3 34. Rc1 Kh7 35. Rh1 Kh6 36. h4 gxh4 37. f4 Rg3+ 38. Kf2 Rxg4 39.
Kf3 Rg3+ 40. Kf2 Rg4 41. Kf3 Rg3+ 42. Kf2 Rg4 1/2-1/2

[Event "Early-Titled-Tuesday-Blitz-September-26-2023"]
[Site "Chess.com"]
[Date "2023.09.26"]
[Round "3"]
[White "jcibarra"]
[Black "twofoxniel"]
[Result "1-0"]
[WhiteElo "2950"]
[BlackElo "2680"]
[TimeControl "180+1"]
[EndTime "8:28:32 PDT"]
[Termination "jcibarra won by resignation"]

1. e4 d5 2. exd5 Nf6 3. Be2 Nxd5 4. d4 Bf5 5. Nf3 e6 6. a3 Be7 7. c4 Nf6 8. Nc3 O-O 9. O-O Nc6 10. d5 exd5 11.
cxd5 Nb8 12. Nd4 Bg6 13. Qb3 b6 14. Bf3 Bd6 15. Bg5 Nbd7 16. Nc6 Qc8 17. Nb5 Qb7 18. Rfe1 Nc5 19. Qc4 Bd3 20. Nxd6 cxd6 21. Qh4 Ncd7 22. Re7 Qa6 23. Rc1 Bg6 24. Qf4 Qb5 25. b4 Qd3 26.
Qxd6 h6 27. Be3 Bf5 28. g4 Nxg4 29. Bxg4 Bxg4 30. Rxd7 Bxd7 31. Qxd7 Qxa3 32. Qg4 Kh7 33. d6 f5 34. Qf4 Rf7 35. d7 Qd3 36. Ne5 Qd5 37.
Nxf7 Qxf7 38. Rd1 Rd8 39. Qd6 a5 40. Bxb6 Rxd7 41. Qxd7 Qg6+ 42. Kf1 Qxb6 43. Qxf5+ Kg8 44. bxa5 Qa6+ 45. Kg1 Qe2 46. Rd8+ 1-0

[Event "Early-Titled-Tuesday-Blitz-September-26-2023"]
[Site "Chess.com"]
[Date "2023.09.26"]
[Round "3"]
[White "GM_Huschenbeth"]
[Black "Vladimir_Zakhartsov"]
[Result "0-1"]
[WhiteElo "2634"]
[BlackElo "2849"]
[TimeControl "180+1"]
[EndTime "8:28:32 PDT"]
[Termination "Vladimir_Zakhartsov won on time"]

1. e4 c5 2. Nf3 d6 3. d4 Nf6 4.
Nc3 cxd4 5. Nxd4 g6 6. Be3 Bg7 7. Be2 Nc6 8. Qd2 O-O 9. O-O-O Nxd4 10. Bxd4 Be6 11. h4 Qa5 12. Qg5 Qc7 13. h5 h6 14.
Qd2 g5 15. f4 gxf4 16. Qxf4 Rac8 17. Rd3 Nh7 18. Rg3 Ng5 19. Rxg5 hxg5 20. Qxg5 f6 21. Qg3 Kh7 22. h6 Bh8 23. Bd3 Rg8 24. e5+ f5 25.
Qf3 Rcf8 26. g4 Bxe5 27. Bxe5 dxe5 28. gxf5 Kh8 29. Qh5 Bc4 30. Be4 Qc5 31. Qh2 Qe3+ 32. Kb1 Qf4 33. Qh3 Rg3 34. Qh5 Rxc3 35. bxc3 Qxe4 36. Rh4 Qd5 37. Qg6 Rg8 38. Qh5 Rg1+ 39. Kb2 Qb5+ 40. Ka3 Qa5+ 0-1

[Event "Early-Titled-Tuesday-Blitz-September-26-2023"]
[Site "Chess.com"]
[Date "2023.09.26"]
[Round "3"]
[White "a-z30"]
[Black "RafalBRC"]
[Result "1-0"]
[WhiteElo "2531"]
[BlackElo "2104"]
[TimeControl "180+1"]
[EndTime "8:28:32 PDT"]
[Termination "a-z30 won on time"]

1. d3 d5 2. Nf3 c5 3. g3 Nc6 4. Bg2 Nf6 5. O-O Bg4 6. c4 e6 7.
Bg5 Be7 8. Qa4 O-O 9. cxd5 Bxf3 10.
Bxf3 Nxd5 11. Bxe7 Ndxe7 12. Nc3 Rc8 13. Rfd1 Qc7 14. e3 Rfd8 15. a3 h6 16. Rac1 a6 17.
b4 cxb4 18. axb4 Qb6 19. b5 axb5 20. Qxb5 Qxb5 21. Nxb5 Ne5 22. Be2 Rxc1 23. Rxc1 N7c6 24. d4 Ng6 25. Rb1 Nge7 26. Nc3 Rd7 27. Na4 Nd5 28. Rc1 Re7 29. Nc5 e5 30. Bf3 Ndb4 31. dxe5 Rxe5 32. Nxb7 Re6 33. Nc5 Rf6 34. Kg2 Ne5 35. Be4 Nbc6 36. h3 Ne7 37. f4 N5g6 38. Kf3 Rb6 39. Rd1 Nf8 40. Rd8 Ng6 41. Bxg6 fxg6 42. Rxf8+ Kxf8 43. Nd7+ 1-0

[Event "Early-Titled-Tuesday-Blitz-September-26-2023"]
[Site "Chess.com"]
[Date "2023.09.26"]
[Round "3"]
[White "Druid24"]
[Black "quvnoq_muxlis"]
[Result "1-0"]
[WhiteElo "2632"]
[BlackElo "2812"]
[TimeControl "180+1"]
[EndTime "8:28:35 PDT"]
[Termination "Druid24 won by resignation"]

1. e4 c5 2. Nc3 Nc6 3. Bb5 Nd4 4. Bc4 e6 5. Nge2 Qc7 6. O-O a6 7. d3 Nf6 8. h3 b6 9. Be3 Nxe2+ 10. Qxe2 Bb7 11.
f4 d6 12. Rae1 Be7 13. Bb3 d5 14. exd5 exd5 15. Bf2 Kf8 16. Bh4 d4 17. Bxf6 Bxf6 18. Ne4 Be7 19. f5 Bxe4 20. Qxe4 Rd8 21. f6 Bxf6 22.
Rxf6 gxf6 23. Qf5 Kg7 24. Re4 Rhe8 25. Rg4+ Kf8 26. Qxf6 Rd6 27. Qh8+ Ke7 28. Re4+ Re6 29. Qxh7 Rxe4 30. Qxe4+ Kf8 31. Qf3 Re3 32. Qf6 b5 33. Bd5 c4 34. dxc4 bxc4 35. Qh8+ Ke7 36. Qxd4 Qg3 37. Bxc4 Re1+ 38. Bf1 Re6 39. Qc5+ Kf6 40. Qf2+ Qxf2+ 41. Kxf2 Rb6 42. b3 a5 43. g4 Rc6 44. c4 Kg5 45. Kg3 Rd6 46. h4+ Kf6 47. g5+ Ke5 48. c5 Rd2 49. h5 Kf5 50. c6 Kxg5 51.
c7 1-0

[Event "Early-Titled-Tuesday-Blitz-September-26-2023"]
[Site "Chess.com"]
[Date "2023.09.26"]
[Round "3"]
[White "Shuvalov"]
[Black "Zhani-Z"]
[Result "1-0"]
[WhiteElo "2473"]
[BlackElo "2219"]
[TimeControl "180+1"]
[EndTime "8:28:35 PDT"]
[Termination "Shuvalov won by resignation"]

1. d4 d5 2. c4 c6 3. Nc3 Nf6 4. e3 Bg4 5. Qb3 b6 6. cxd5 Nxd5 7. e4 Nxc3 8. bxc3 e5 9. Bc4 Qc7 10. Ne2 b5 11. Bd3 Nd7 12. a4 bxa4 13. Qxa4 Bd6 14.
h3 Be6 15. O-O O-O 16. f4 exf4 17. Nxf4 Nb6 18. Qa5 c5 19. e5 Be7 20. Be4 cxd4 21. cxd4 Rad8 22. Be3 Rd7 23. Rfc1 Nc4 24. Qxc7 Rxc7 25.
d5 Rcc8 26. Bd4 Bd7 27. Rxa7 Rfd8 28. Rxd7 Rxd7 29. Bf5 Rdc7 30. Bxc8 Rxc8 31. Rc2 Nb6 32. Rxc8+ Nxc8 33. Kf2 Bd8 34. Kf3 Kf8 35. Ke4 g6 36. d6 Ke8 37. Nd5 Kd7 38. g4 Ke6 39. Nf4+ Kd7 40.
Kd5 f5 41. e6+ Ke8 1-0

[Event "Early-Titled-Tuesday-Blitz-September-26-2023"]
[Site "Chess.com"]
[Date "2023.09.26"]
[Round "3"]
[White "Legendinunknown"]
[Black "WPWPWP-2015"]
[Result "0-1"]
[WhiteElo "2805"]
[BlackElo "2526"]
[TimeControl "180+1"]
[EndTime "8:28:36 PDT"]
[Termination "WPWPWP-2015 won on time"]

1. d4 Nf6 2. c4 e6 3. Nc3 Bb4 4. f3 d5 5. a3 Bxc3+ 6. bxc3 c5 7.
cxd5 Nxd5 8. dxc5 Qa5 9. e4 Nf6 10. Be3 Nc6 11. Kf2 O-O 12. Ne2 e5 13. Ng3 Rd8 14.
Qc2 Be6 15. Be2 h6 16. Rhd1 Rxd1 17. Bxd1 Rd8 18. Be2 Nd7 19. Qb2 Nxc5 20. Kg1 Nb3 21. Rd1 Rxd1+ 22. Bxd1 Nc5 23. h4 b6 24. Nf5 Nd3 25. Qd2 Nc5 26. Be2 Nb7 27. Kh2 Qxa3 28. Bb5 Bxf5 29. Bxc6 Bc8 30. Qd5 Qe7 31. g3 Nc5 32.
Qd2 Qc7 33. Bd5 Be6 34. c4 Kh7 35. h5 Bc8 36. f4 a5 37. Qc3 f6 38. Qd2 Bg4 39.
Kg2 Bxh5 40. f5 Bf7 41. Bxc5 bxc5 42. Bxf7 Qxf7 43. Qxa5 Qxc4 44. Qa8 Qc2+ 0-1

[Event "Early-Titled-Tuesday-Blitz-September-26-2023"]
[Site "Chess.com"]
[Date "2023.09.26"]
[Round "3"]
[White "Yuruultei"]
[Black "gueraumasague"]
[Result "0-1"]
[WhiteElo "2278"]
[BlackElo "2479"]
[TimeControl "180+1"]
[EndTime "8:28:36 PDT"]
[Termination "gueraumasague won by resignation"]

1. d4 g6 2. c4 Bg7 3. e4 d6 4. Nc3 Nc6 5. Nf3 Bg4 6. Be3 e5 7. d5 Nd4 8. Be2 Bxf3 9. Bxf3 Ne7 10. O-O O-O 11. Nb5 Nxf3+ 12. Qxf3 f5 13. Rad1 Qd7 14. Nc3 f4 15. Bc1 g5 16. h3 Rf6 17. Qg4 Qxg4 18.
hxg4 h5 19. gxh5 g4 20. f3 g3 21. Rfe1 a6 22. Kf1 Rh6 23. Ke2 Kf7 24. Rg1 Rxh5 25.
b4 a5 26. a3 axb4 27. axb4 Bf6 28. Bb2 Rh2 29. c5 Ng6 30. Rb1 Nh4 31. Kf1 Be7 32.
Nb5 Ra2 33. Nc3 Ra8 34. Nb5 Rc8 35. Rc1 dxc5 36. bxc5 c6 37. dxc6 bxc6 38. Nd6+ Bxd6 39. cxd6 Nxf3 40. gxf3 Rxb2 41. Rg2 Rxg2 42. Kxg2 Ke6 43. Rd1 Rd8 44. Kf1 Rxd6 45. Kg2 Rxd1 0-1

[Event "Early-Titled-Tuesday-Blitz-September-26-2023"]
[Site "Chess.com"]
[Date "2023.09.26"]
[Round "3"]
[White "Irina_Mikhaylova"]
[Black "Juicy_Fork"]
[Result "1-0"]
[WhiteElo "2297"]
[BlackElo "2478"]
[TimeControl "180+1"]
[EndTime "8:28:37 PDT"]
[Termination "Irina_Mikhaylova won on time"]

1. d4 Nf6 2. c4 g6 3. Nc3 Bg7 4. e4 d6 5. Nf3 O-O 6. Be2 e5 7.
dxe5 dxe5 8. Qxd8 Rxd8 9. Bg5 Re8 10. Nd5 Nxd5 11. cxd5 h6 12. Be3 f5 13. Bc4 Kh7 14. Nd2 Nd7 15. f3 Nb6 16. Bb3 Bd7 17. Rc1 c6 18. a3 cxd5 19. Bxb6 axb6 20. Bxd5 Bc6 21. Bxc6 bxc6 22. Rxc6 Rac8 23. Rxc8 Rxc8 24. Ke2 Rc2 25. Rb1 Bf8 26. Kd3 Rc7 27. Nc4 fxe4+ 28.
fxe4 Rd7+ 29. Ke2 Rd4 30. Nxb6 Rxe4+ 31. Kd3 Rd4+ 32. Kc3 Bc5 33. Nc4 e4 34. Kb3 e3 35.
Nxe3 Rd2 36. Re1 Bd4 37. Nc4 Rxg2 38. Re7+ Kg8 39. Rd7 Bf6 40. a4 Rxh2 41. a5 Rh1 42.
a6 Ra1 43. a7 Kf8 44. Na3 Ke8 45. Rh7 Bd8 46. a8=Q 1-0

[Event "Early-Titled-Tuesday-Blitz-September-26-2023"]
[Site "Chess.com"]
[Date "2023.09.26"]
[Round "3"]
[White "Krakozia"]
[Black "Fy_Rakotomaharo"]
[Result "1-0"]
[WhiteElo "3032"]
[BlackElo "2710"]
[TimeControl "180+1"]
[EndTime "8:28:38 PDT"]
[Termination "Krakozia won on time"]

1. Nf3 Nf6 2. g3 d5 3. Bg2 e6 4. O-O Be7 5. d4 O-O 6. c4 a5 7. Qc2 Nc6 8. a3 a4 9. Bf4 dxc4 10. Qxc4 Nd5 11. Nc3 Nxf4 12. gxf4 Bd7 13. Rad1 Na5 14. Qd3 c5 15. d5 Bf6 16. e4 c4 17. Qc2 Bxc3 18.
Qxc3 exd5 19. Rxd5 Qc7 20. Rfd1 Bc6 21. Re5 f6 22.
Re6 Qxf4 23. Nd4 Qg4 24. f3 Qg5 25. Nf5 Rad8 26. Rdd6 Rxd6 27. Rxd6 b6 28. Ne7+ Kf7 29.
Nxc6 Qc5+ 30. Qd4 Qxd4+ 31. Nxd4 Nb3 32. Bf1 c3 33. bxc3 Kg6 34. Nf5 Rc8 35. Rd7 Kg5 36.
Rxg7+ Kf4 37. Kf2 Rxc3 38. Be2 Rc2 39. Ng3 Nc1 40. Rd7 Ra2 41. Rd5 Nxe2 42. Nxe2+ 1-0

[Event "Early-Titled-Tuesday-Blitz-September-26-2023"]
[Site "Chess.com"]
[Date "2023.09.26"]
[Round "3"]
[White "Evgeny81"]
[Black "PavelChernomordik"]
[Result "1-0"]
[WhiteElo "2750"]
[BlackElo "2497"]
[TimeControl "180+1"]
[EndTime "8:28:38 PDT"]
[Termination "Evgeny81 won on time"]

1. c4 g6 2. d4 Bg7 3. Nc3 d6 4.
g3 Nf6 5. Bg2 c6 6. Nf3 O-O 7.
O-O a6 8. a4 a5 9. b3 Na6 10. Bb2 Bf5 11. Ne1 e5 12. d5 Qb6 13.
Ba3 Nc5 14. Bxc5 Qxc5 15. e4 Bg4 16. Qd2 Rad8 17. Nd3 Qb6 18. Rab1 cxd5 19. cxd5 Bd7 20. Nb2 Qb4 21. Nc4 b6 22. Qd3 Bc8 23. Na2 Qc5 24.
Rfc1 Bh6 25. Rc3 Ng4 26. Qc2 Qc7 27. Nxe5 Qe7 28. Nc6 Qf6 29. Nxd8 Qxd8 30. h3 Ne5 31. f4 Nd7 32. Kh2 Nc5 33. b4 axb4 34. Nxb4 Bg7 35. Nc6 Qf6 36. Re3 g5 37. e5 dxe5 38. fxe5 Qh6 39.
Ne7+ Kh8 40. Nxc8 Rxc8 41. Rf1 1-0

[Event "Early-Titled-Tuesday-Blitz-September-26-2023"]
[Site "Chess.com"]
[Date "2023.09.26"]
[Round "3"]
[White "Kotofeyca"]
[Black "ashookk"]
[Result "0-1"]
[WhiteElo "2387"]
[BlackElo "2232"]
[TimeControl "180+1"]
[EndTime "8:28:38 PDT"]
[Termination "ashookk won on time"]

1. d4 Nf6 2. c4 c5 3. Nf3 g6 4. Nc3 Bg7 5. g3 O-O 6. Bg2 d6 7. O-O Nc6 8. d5 Na5 9. Nd2 a6 10. a3 b5 11. cxb5 axb5 12. b4 Nd7 13. Bb2 Nc4 14. Nxc4 bxc4 15. b5 Qa5 16. Qc2 Nb6 17.
a4 Bf5 18. e4 Bc8 19. h4 Nd7 20. Rfb1 Ne5 21. Bf1 Nf3+ 22. Kg2 Nd4 23. Qd2 Nb3 24.
Qe3 Nxa1 25. Bxa1 Bd4 26. Qd2 f5 27. exf5 Rxf5 28. f3 Bd7 29. Bxc4 Raf8 30. f4 R5f7 31. Bd3 Rc8 32. Ne4 Qxd2+ 33. Nxd2 Ra8 34. Nc4 Rxa4 35.
Bxd4 cxd4 36. Nb6 Bg4 37. Nxa4 Rf8 38. b6 Rb8 39. b7 Bd7 40. Bb5 Bf5 0-1

[Event "Early-Titled-Tuesday-Blitz-September-26-2023"]
[Site "Chess.com"]
[Date "2023.09.26"]
[Round "3"]
[White "Aanna12"]
[Black "BJthechessgod"]
[Result "0-1"]
[WhiteElo "2099"]
[BlackElo "2368"]
[TimeControl "180+1"]
[EndTime "8:28:38 PDT"]
[Termination "BJthechessgod won on time"]

1. Nf3 d5 2. g3 Nf6 3. Bg2 Bf5 4. d3 e6 5. Nbd2 h6 6. O-O Nbd7 7. Qe1 Bh7 8. e4 dxe4 9. dxe4 Be7 10. Qe2 O-O 11.
e5 Nd5 12. Ne4 Nc5 13. Nfd2 Nb4 14. Nxc5 Bxc5 15. Ne4 Bb6 16. Rd1 Qe7 17. c3 Nc6 18.
Bf4 g5 19. Nf6+ Kg7 20. Nxh7 Kxh7 21. Qe4+ Kg7 22. Be3 Bxe3 23. Qxe3 Rfd8 24. Bxc6 bxc6 25. Rd4 Rd5 26. Rad1 Rad8 27. c4 Rxd4 28. Rxd4 Rxd4 29. Qxd4 Qb4 30. Qxa7 Qxb2 31. Qxc7 Qc1+ 32. Kg2 Qxc4 33.
Qd6 c5 34. a4 Qe4+ 35. Kg1 c4 36. Qc5 Qe1+ 37. Kg2 c3 38. a5 Qe4+ 39. Kh3 c2 40.
a6 g4+ 41. Kh4 Qh1 0-1

[Event "Early-Titled-Tuesday-Blitz-September-26-2023"]
[Site "Chess.com"]
[Date "2023.09.26"]
[Round "3"]
[White "KIEV-1"]
[Black "ExchangeAB"]
[Result "0-1"]
[WhiteElo "2192"]
[BlackElo "2433"]
[TimeControl "180+1"]
[EndTime "8:28:39 PDT"]
[Termination "ExchangeAB won by resignation"]

1. e4 c6 2. d4 d5 3. Nc3 dxe4 4. Nxe4 Bf5 5. Ng3 Bg6 6. h4 h6 7. Nf3 Nd7 8. h5 Bh7 9. Bd3 Bxd3 10. Qxd3 Ngf6 11.
Bd2 e6 12. O-O-O Be7 13. Ne4 Nxe4 14. Qxe4 Nf6 15. Qe2 Qd5 16. c4 Qe4 17. Qxe4 Nxe4 18. Be3 f5 19. Ne5 Bf6 20. Ng6 Rg8 21. f3 Nd6 22. b3 O-O-O 23. Rhe1 Rge8 24. Bf4 Nf7 25. Be5 Bxe5 26. dxe5 Rxd1+ 27. Rxd1 Rd8 28. Rxd8+ Kxd8 29. Kc2 c5 30. Kc3 Ke8 31. b4 cxb4+ 32. Kxb4 Nd8 33. Kc5 Kd7 34. Nf8+ Kc7 35. f4 b6+ 36.
Kd4 Kc6 37. Kc3 b5 38. cxb5+ Kxb5 39. g3 Kc5 40. Ng6 Kd5 41. Nf8 Ke4 42. Kc4 Kf3 43. Kc5 Kxg3 44. Kd6 Kxf4 45. Nxe6+ Nxe6 46. Kxe6 Kg4 47.
Kd6 f4 48. e6 f3 49. e7 f2 50. e8=Q f1=Q 51. Qg6+ Kh4 52. Qxg7 Qd1+ 53. Kc6 Qc2+ 54. Kd6 Qd3+ 55. Kc6 Qc4+ 56. Kd6 Kxh5 57. Qxa7 Qd3+ 58.
Kc6 Kh4 59. a4 h5 60. a5 Kg3 61. Qc7+ Kg2 62. a6 Qxa6+ 0-1

[Event "Early-Titled-Tuesday-Blitz-September-26-2023"]
[Site "Chess.com"]
[Date "2023.09.26"]
[Round "3"]
[White "ChessArchitect64"]
[Black "JoseRemolar"]
[Result "0-1"]
[WhiteElo "2241"]
[BlackElo "2421"]
[TimeControl "180+1"]
[EndTime "8:28:39 PDT"]
[Termination "JoseRemolar won by resignation"]

1. d4 g6 2. c4 Bg7 3. Nc3 d6 4. e4 Nc6 5. Nge2 e5 6. d5 Nce7 7. Be3 f5 8. f3 Nf6 9. Qd2 fxe4 10. Nxe4 Nf5 11. Bg5 O-O 12. Nxf6+ Bxf6 13. Bxf6 Qxf6 14. O-O-O Bd7 15. Nc3 Nd4 16. Bd3 a6 17. Ne4 Qf4 18.
Qxf4 exf4 19. Rhe1 Rae8 20. Bb1 Nf5 21. Rd2 Ne3 22. b3 Nf5 23. g3 fxg3 24. hxg3 c6 25.
dxc6 Bxc6 26. g4 Nh4 27. Re3 Nxf3 28. Rf2 Bxe4 29. Rxe4 Rxe4 30. Bxe4 Ne5 31. Rxf8+ Kxf8 32. Bxb7 a5 33. g5 Nf7 34. Kb2 Nxg5 35. Ka3 h5 36. Ka4 h4 37. Kxa5 h3 38. Kb6 Ne6 39.
a4 Nc5 40. Bd5 Nxb3 41. a5 Nxa5 42. Kxa5 Ke7 43. Kb6 Kf6 44. Kc7 Ke5 45. Kc6 g5 46. Kd7 g4 47. Kc6 g3 48. c5 dxc5 49. Kxc5 g2 50.
Bxg2 hxg2 0-1

[Event "Early-Titled-Tuesday-Blitz-September-26-2023"]
[Site "Chess.com"]
[Date "2023.09.26"]
[Round "3"]
[White "LoydBlankenship"]
[Black "jraosam"]
[Result "1-0"]
[WhiteElo "2639"]
[BlackElo "2050"]
[TimeControl "180+1"]
[EndTime "8:28:43 PDT"]
[Termination "LoydBlankenship won on time"]

1. e4 e6 2. d4 d5 3. Nc3 dxe4 4. Nxe4 Nd7 5. Bd3 Ngf6 6. Bg5 Be7 7. Bxf6 Nxf6 8. Nf3 b6 9. Nxf6+ Bxf6 10. Be4 Rb8 11. Qd3 Bb7 12. Bxb7 Rxb7 13. O-O-O c5 14. dxc5 Qxd3 15.
Rxd3 bxc5 16. c3 Rd7 17. Rhd1 Rxd3 18. Rxd3 Ke7 19. Kc2 c4 20. Re3 Rd8 21. Re4 Rc8 22. Nd2 Rd8 23. Rxc4 Be5 24. h3 f5 25. Ra4 Rd7 26.
Nc4 Bb8 27. Na5 Rc7 28. Rb4 Rc5 29. Nb3 Rc8 30. Nd4 Bd6 31. Ra4 Bc5 32. f4 Bxd4 33. Rxd4 Rc7 34. b4 Kf6 35. a4 h6 36. Kd3 g5 37. g3 gxf4 38. gxf4 Rg7 39. Kc4 Rc7+ 40. Kb3 Rg7 41. b5 Rg3 42. a5 Rxh3 43. Rd7 Rh1 44.
Rxa7 h5 45. Rd7 h4 46. a6 h3 47. Kc4 Rf1 48. Rd2 Rxf4+ 49. Kc5 Rf3 50. c4 Rg3 51. a7 Rg2 52. Rd1 Rg8 53. b6 e5 54.
b7 e4 55. b8=Q Rxb8 56. axb8=Q 1-0

[Event "Early-Titled-Tuesday-Blitz-September-26-2023"]
[Site "Chess.com"]
[Date "2023.09.26"]
[Round "3"]
[White "vishwa_vijeta"]
[Black "Zohid6"]
[Result "0-1"]
[WhiteElo "2544"]
[BlackElo "2780"]
[TimeControl "180+1"]
[EndTime "8:28:44 PDT"]
[Termination "Zohid6 won by resignation"]

1. e4 e6 2. d4 d5 3. e5 c5 4. c3 Nc6 5. f4 Qb6 6. Nf3 f6 7. Be2 Nge7 8. O-O cxd4 9. cxd4 Nf5 10. exf6 gxf6 11. Kh1 Bd7 12. Nc3 Ncxd4 13. Nxd4 Qxd4 14. Bh5+ Kd8 15. Qe1 Bc5 16. Bd2 Rc8 17. Rd1 Qc4 18. Be2 Qd4 19. Nxd5 Qxd5 20. Ba5+ b6 21. Rxd5 exd5 22.
Bd2 Re8 23. Qd1 Kc7 24. Bf3 Be6 25. b4 Bd6 26. g3 Kb8 27. Re1 Nd4 28. Bg2 Nc2 29. Re2 Bg4 30. Bf1 Nd4 31. Be3 Rxe3 32.
Qxd4 Rxe2 33. Bxe2 Bxe2 34. Qxd5 Bxb4 35. Qe4 Bc4 36.
h4 h5 37. a4 a5 38. Qg6 Bd5+ 39.
Kh2 Rc1 40. Qe8+ Kc7 41. g4 Rh1+ 42. Kg3 Be1+ 43. Qxe1 Rxe1 44. gxh5 Rg1+ 45. Kf2 Rg4 0-1

[Event "Early-Titled-Tuesday-Blitz-September-26-2023"]
[Site "Chess.com"]
[Date "2023.09.26"]
[Round "3"]
[White "FlemingA"]
[Black "Let_it_be_1"]
[Result "1-0"]
[WhiteElo "2451"]
[BlackElo "2614"]
[TimeControl "180+1"]
[EndTime "8:28:45 PDT"]
[Termination "FlemingA won on time"]

1. g3 d5 2. Bg2 e6 3. Nf3 Nf6 4. d3 Nc6 5. O-O Bc5 6. d4 Bd6 7. Nbd2 O-O 8. c3 e5 9. dxe5 Nxe5 10. Nxe5 Bxe5 11. Nf3 Bd6 12. Bg5 c6 13. Qd4 Be7 14. Rad1 Bf5 15. c4 h6 16. Bf4 Qa5 17. a3 Be4 18. cxd5 Bxd5 19. Bd2 Qa6 20. Rfe1 Rad8 21. Qc3 Ne4 22. Qc1 Nxd2 23. Rxd2 Bf6 24. e4 Bc4 25. e5 Be7 26. Red1 Rxd2 27. Rxd2 Bd5 28. Qc3 Qb6 29. h4 a5 30. Re2 Bc5 31. Qd3 Rd8 32. Qf5 Be6 33. Qc2 Bb3 34. Qf5 Rd1+ 35. Kh2 Be6 36. Qc2 Rd8 37. Kg1 Qb3 38. Qxb3 Bxb3 39. Rd2 Bd5 40. Ne1 Kf8 41. Bxd5 cxd5 42. Kf1 Ke7 43.
f4 g5 44. hxg5 hxg5 45. Nd3 Be3 46. Rc2 gxf4 47. gxf4 Kd7 48. Ke2 1-0

[Event "Early-Titled-Tuesday-Blitz-September-26-2023"]
[Site "Chess.com"]
[Date "2023.09.26"]
[Round "3"]
[White "nrvignesh"]
[Black "SAInt_666"]
[Result "0-1"]
[WhiteElo "2837"]
[BlackElo "2662"]
[TimeControl "180+1"]
[EndTime "8:28:46 PDT"]
[Termination "SAInt_666 won by resignation"]

1. d4 Nf6 2. c4 e6 3. Nf3 d5 4. Nc3 Bb4 5. Bg5 Nbd7 6. e3 c5 7.
cxd5 exd5 8. Bd3 c4 9. Bc2 Qa5 10. O-O O-O 11. Ne2 Ne4 12. Bf4 Re8 13. a3 Bf8 14. b3 b5 15. a4 cxb3 16. Bxb3 b4 17. Rc1 Ba6 18. Bc7 Nb6 19. Re1 Rac8 20. Bxb6 axb6 21.
Nf4 Nc3 22. Qd2 Bc4 23. Qc2 Ra8 24. Bxc4 dxc4 25. Ne5 Rxe5 26. dxe5 Qxe5 27. Ne2 Nxe2+ 28. Qxe2 c3 29. Qc2 Bd6 30. g3 g6 31. Red1 Bc5 32.
Rd7 Qe6 33. Rcd1 h5 34. h4 Bf8 35. R7d4 Bc5 36. Rd7 Bf8 37. Rd8 Rxd8 38. Rxd8 Kg7 39. Qd3 Be7 40. Rd4 b3 41. Qxc3 Bf6 42. Qb4 Bxd4 43.
Qxd4+ Qf6 44. Qb4 Qa1+ 45. Kg2 b2 46. Qd4+ Kg8 47. Qd8+ Kh7 48. Qd5 b1=Q 49. Qxf7+ Qg7 0-1

[Event "Early-Titled-Tuesday-Blitz-September-26-2023"]
[Site "Chess.com"]
[Date "2023.09.26"]
[Round "3"]
[White "Sattarov_Bobur"]
[Black "crazyluzhinTh3"]
[Result "1-0"]
[WhiteElo "2838"]
[BlackElo "2509"]
[TimeControl "180+1"]
[EndTime "8:28:46 PDT"]
[Termination "Sattarov_Bobur won by resignation"]

1. e4 d6 2. d4 Nf6 3. Nc3 g6 4. f4 Bg7 5. Nf3 O-O 6. e5 dxe5 7. fxe5 Nd5 8. Na4 Nb6 9. Nc5 N8d7 10. Nb3 a5 11. a4 c6 12. Bd3 Nd5 13. O-O Nb4 14.
Be2 Nb6 15. c3 N4d5 16. Bg5 f6 17. exf6 exf6 18. Bd2 Re8 19. Nc5 Ne3 20. Bxe3 Rxe3 21. Qd2 Re7 22. Rae1 Nd5 23. Bc4 b6 24. Rxe7 Qxe7 25.
Re1 Qf7 26. Ne4 Qc7 27. h3 Bd7 28. Nf2 Re8 29. Nd3 Kf8 30. Bb3 Rxe1+ 31. Qxe1 Nf4 32. Qe4 Nxd3 33. Qxd3 b5 34. Qe4 Qd6 35. axb5 cxb5 36.
Qa8+ Ke7 37. Qxa5 g5 38. Qa7 h5 39. Nd2 f5 40. Qb7 g4 41. hxg4 hxg4 42. Nf1 Bh6 43. Bc2 Kf6 44. Qa8 Kg7 45. Qd8 Bc1 46.
Bxf5 Qf4 47. Qxd7+ Kf6 48. Qe6+ Kg5 49. Qg6+ Kh4 50. g3+ Qxg3+ 51. Nxg3 1-0

[Event "Early-Titled-Tuesday-Blitz-September-26-2023"]
[Site "Chess.com"]
[Date "2023.09.26"]
[Round "3"]
[White "Arifarsky"]
[Black "Rital44"]
[Result "1-0"]
[WhiteElo "2727"]
[BlackElo "2553"]
[TimeControl "180+1"]
[EndTime "8:28:47 PDT"]
[Termination "Arifarsky won by checkmate"]

1. Nf3 g6 2. d4 Bg7 3. e4 c6 4. c4 d5 5. exd5 cxd5 6. Nc3 Nf6 7. Be2 O-O 8. O-O Nc6 9. h3 dxc4 10. Bxc4 a6 11.
a3 b5 12. Ba2 Bb7 13. Re1 Qc7 14. Qe2 Rfe8 15. d5 Na5 16. Bg5 Nc4 17. Rad1 h6 18. Bh4 Rad8 19. Bxc4 Qxc4 20. Qxc4 bxc4 21. Bxf6 Bxf6 22.
Ne5 Bxe5 23. Rxe5 Rc8 24. Rd4 Kf8 25. Rh4 h5 26. Rf4 Red8 27. Rfe4 Rd7 28. Rd4 Rc5 29. f3 e6 30. dxe6 Rxd4 31. Rxc5 fxe6 32. Rc7 Bd5 33.
Ra7 Rd2 34. Rxa6 Rxb2 35. Rd6 Rb3 36. Nxd5 exd5 37. Rxd5 Rxa3 38. Rc5 c3 39. Rc7 Ra1+ 40. Kf2 Rc1 41. h4 Rc2+ 42. Kg3 Rc1 43. Kf4 c2 44. Kg5 Rg1 45. Rxc2 Kf7 46. g4 hxg4 47. fxg4 Rf1 48. Rc7+ Kg8 49. Kxg6 Rb1 50. Rc8# 1-0